 Dungeon Crawl Stone Soup version 0.30.0-18-gc0e69614cb (webtiles) character file.

Game seed: 13026772163280133424

1232 wingedge the Scholar of Death (level 8, 0/56 (58) HPs)
             Began as a Human Wanderer on May 23, 2023.
             Was a Follower of Kikubaaqudgha.
             Killed from afar by Maggie (1 damage)
             ... with a bolt of fire
             ... on level 6 of the Dungeon.
             The game lasted 00:19:50 (6374 turns).

wingedge the Scholar of Death (Human Wanderer)      Turns: 6374, Time: 00:19:50

HP:   0/56 (58)     AC: 11    Str:  6    XL:     8   Next: 77%
MP:   2/15          EV: 11    Int: 18    God:    Kikubaaqudgha [*.....]
Gold: 314           SH:  0    Dex: 13    Spells: 6/17 levels left

rFire   . . .        x - +5 spear of the Priest {protect, rPois rN+ Str-3 SInv}
rCold   + . .        (no shield)
rNeg    + . .        c - +0 robe
rPois   +            (no helmet)
rElec   .            (no cloak)
rCorr   .            v - +0 pair of gloves
SInv    +            d - +0 pair of boots
Will    .....        m - amulet of regeneration
Stlth   ++           i - ring of protection from cold
HPRegen 1.09/turn    (no ring)
MPRegen 0.14/turn

%: no passive effects
@: mighty, under a protective aura, mesmerised, lightly drained, invisible
A: no striking features
a: Renounce Religion, Unearth Wretches


You were on level 6 of the Dungeon.
You worshipped Kikubaaqudgha.
Kikubaaqudgha was aware of your devotion.
You visited 2 branches of the dungeon, and saw 7 of its levels.

You collected 314 gold pieces.

Inventory:

Hand Weapons
 l - a +0 short sword of electrocution
 n - a +0 short sword of venom
 x - the +5 spear of the Priest (weapon) {protect, rPois rN+ Str-3 SInv}
   (You found it on level 5 of the Dungeon)

   Str:       It affects your strength (-3).
   rPois:     It protects you from poison.
   rN:        It protects you from negative energy.
   SInv:      It lets you see invisible.
Armour
 c - a +0 robe (worn)
 d - a +0 pair of boots (worn)
 p - the +1 ring mail "Somapair" {rF+ MP+9 Str-4 Int+3}
   (You found it on level 2 of the Dungeon)

   Str:       It affects your strength (-4).
   Int:       It affects your intelligence (+3).
   rF:        It protects you from fire.
   MP:        It affects your magic capacity (+9).
 v - a +0 pair of gloves (worn)
Magical Staves
 q - a staff of cold
Jewellery
 i - a ring of protection from cold (left hand)
 m - an amulet of regeneration (around neck)
Scrolls
 b - 11 scrolls of teleportation
 g - a scroll of torment {unknown}
 o - 4 scrolls of fear
 r - a scroll of amnesia {unknown}
 t - a scroll of poison {unknown}
 w - a scroll of summoning {unknown}
 y - a scroll of enchant armour {unknown}
Potions
 a - a potion of haste {unknown}
 e - 5 potions of curing
 f - a potion of might
 j - 2 potions of mutation {unknown}
 k - a potion of lignification {unknown}
 s - 3 potions of brilliance
 u - 2 potions of flight {unknown}
 z - a potion of resistance {unknown}


   Skills:
 - Level 3.0 Fighting
 - Level 1.0 Armour
 - Level 2.0 Stealth
 + Level 5.0 Spellcasting
 + Level 3.9 Conjurations
 + Level 5.7 Necromancy
 + Level 4.5 Earth Magic


You had 6 spell levels left.
You knew the following spells:

 Your Spells              Type           Power      Damage    Failure   Level
a - Sandblast             Erth           40%        2d10      1%          1
b - Vampiric Draining     Necr           25%        2d7       3%          3
c - Stone Arrow           Conj/Erth      38%        3d9       7%          3
d - Animate Dead          Necr           25%        N/A       12%         4

Your spell library contained the following spells:

 Spells                   Type           Power      Damage    Failure   Level
 Kiss of Death            Conj/Necr      84%        2d11      1%          1
 Necrotise                Necr           100%       1d9       1%          1
 Shock                    Conj/Air       44%        1d5       6%          1
 Cigotuvi's Dreadful Rot  Necr/Pois/Air  22%        N/A       9%          2
 Swiftness                Air            4%         N/A       36%         3
 Airstrike                Air            2%         2d(1-17)  78%         4


Dungeon Overview and Level Annotations

Branches:
Dungeon (6/15)             Temple (1/1) D:5

Altars:
Cheibriados
Fedhas
Gozag
Hepliaklqana
Kikubaaqudgha
Makhleb
Okawaru
Ru
Wu Jian
Xom
Yredelemnul

Shops:
D:5 (

Annotations:
D:6 Maggie


Message History

Maggie hits you from afar with a +4 heavy halberd!!
Ouch! That really hurt!
Reach: x) +5 spear of the Priest {protect, rPois rN+ Str-3 SInv}
Press: ? - help, Dir - move target, f/p - Maggie
Aim: Maggie, wielding a +4 heavy halberd and wearing +0 swamp dragon scales (moderately wounded, mesmerising, about 31% to evade the +5 spear of the Priest)
Okay, then.
Okay, then.
Press: ? - help, v - describe, . - travel
Here: Maggie, wielding a +4 heavy halberd and wearing +0 swamp dragon scales (moderately wounded, mesmerising)
The floor.
Unknown command.
You fade into invisibility!
Reach: x) +5 spear of the Priest {protect, rPois rN+ Str-3 SInv}
Press: ? - help, Dir - move target, f/p - Maggie
Aim: Maggie, wielding a +4 heavy halberd and wearing +0 swamp dragon scales (moderately wounded, mesmerising, unable to see you, about 31% to evade the +5 spear of the Priest)
You reach to attack!
You catch the helpless Maggie completely off-guard!
You puncture Maggie!
Your weapon exudes an aura of protection.
Maggie is heavily wounded.
The wight barely misses you.
You puncture Maggie!
Maggie is severely wounded.
Maggie hits you with a +4 heavy halberd.
The wight hits you with a +6 long sword.
You puncture Maggie!
Maggie is almost dead.
The wight closely misses you.
Maggie hits you with a +4 heavy halberd!
* * * LOW HITPOINT WARNING * * *
You hit Maggie.
Maggie is almost dead.
The wight hits you with a +6 long sword!
* * * LOW HITPOINT WARNING * * *
You partially resist.
You feel drained.
* * * LOW HITPOINT WARNING * * *
Maggie casts a spell at you. The bolt of fire hits you.
You die...
Kikubaaqudgha rasps: "You have failed me!
Welcome... death!"

..##.....# ..## #. #......# #..
## ##.#######......#####.# #$
#...##.##..........##.#######.
#................#......#..#..
##....#...........#............
##.....##.......##.†.#.....z....
##......#........@##..#...#.##...
#.....[....###..@.#.......####...
###.##.......#.#.z........# #....
#...#......#..........#.# ##.).
#...###........##..###### .....
#...###....##.##..... #...#.#
####...##.....###......# ....###
#.#....##................ .##. #
.......#..................
....#...(...>. ..........


You could see Maggie (mesmerising, unable to see you) and a wight (unable to see
you).

Vanquished Creatures
  An ice beast (D:5)
  A sky beast (D:6)
  A black bear (D:5)
  An ogre (D:4)
  A phantom (D:6)
  2 scorpions
  2 howler monkeys
  2 orc priests
  A jelly (D:5)
  2 hounds
  A sleepcap (D:5)
  4 iguanas
  2 orc wizards
  3 gnolls (D:5)
  9 adders
  2 white imps (D:5)
  3 ufetubi
  A dart slug (D:1)
  A worm (D:2)
  22 orcs
  3 ball pythons
  8 endoplasms
  3 giant cockroaches (D:2)
  10 goblins
  13 hobgoblins
  6 jackals (D:2)
  4 quokkas
  3 bats (D:2)
  4 frilled lizards
  15 kobolds
  5 rats
136 creatures vanquished.

Notes
Turn   | Place    | Note
-------+----------+-------------------------------------------
     0 | D:1      | wingedge the Human Wanderer began the quest for the Orb.
     0 | D:1      | wingedge set off with the following items: a +0 dagger, a
                  | scroll of teleportation, a +0 robe, a +0 pair of boots; and
                  | the following spells available to memorise: Kiss of Death,
                  | Sandblast, Vampiric Draining, Stone Arrow, Animate Dead.
     0 | D:1      | Reached XP level 1. HP: 16/16 MP: 2/2
     2 | D:1      | Learned a level 1 spell: Sandblast
   341 | D:1      | Reached XP level 2. HP: 22/22 MP: 0/3
  1214 | D:2      | Reached XP level 3. HP: 22/27 MP: 0/5
  1268 | D:2      | Learned a level 3 spell: Vampiric Draining
  1758 | D:2      | Reached XP level 4. HP: 33/33 MP: 5/7
  2207 | D:2      | Identified the +1 ring mail "Somapair" {rF+ MP+9 Str-4
                  | Int+3}
  2351 | D:2      | Learned a level 3 spell: Stone Arrow
  2411 | D:3      | Reached skill level 1 in Conjurations
  2946 | D:4      | Reached XP level 5. HP: 38/38 MP: 6/8
  3117 | D:4      | Found a shimmering altar of Xom.
  3323 | D:4      | Reached XP level 6. HP: 38/44 MP: 0/10
  3441 | D:4      | Noticed an ogre
  3451 | D:4      | Killed an ogre
  3894 | D:5      | Entered Level 5 of the Dungeon
  3894 | D:5      | Noticed a black bear
  3898 | D:5      | Killed a black bear
  3899 | D:5      | Reached skill level 5 in Necromancy
  3899 | D:5      | Reached XP level 7. HP: 50/50 MP: 2/13
  3904 | D:5      | Learned a level 4 spell: Animate Dead
  3982 | D:5      | Found a basalt altar of Yredelemnul.
  4270 | D:5      | Found a staircase to the Ecumenical Temple.
  4280 | Temple   | Entered the Ecumenical Temple
  4290 | Temple   | Became a worshipper of Kikubaaqudgha
  5241 | D:5      | Identified the +5 spear of the Priest {protect, rPois rN+
                  | Str-3 SInv}
  5253 | D:5      | Found Oxteap's Antique Weapon Shoppe.
  5269 | D:5      | Reached XP level 8. HP: 57/57 MP: 4/14
  5443 | D:5      | Reached * piety under Kikubaaqudgha
  5443 | D:5      | Received a gift from Kikubaaqudgha
  6346 | D:6      | Reached skill level 5 in Spellcasting
  6362 | D:6      | Noticed Maggie
  6374 | D:6      | HP: 2/58 [wight/+6 long sword (8)]
  6374 | D:6      | Killed from afar by Maggie

Illustrated notes

Levels and vault maps discovered:
D:1:      dpeg_arrival_lava_temple_mockup, layout_basic
D:2:      layout_basic, dk_vineyard_3
D:3:      layout_rooms, minmay_misc_feat_plants, serial_park_tiny_2,
          nrook_campfire
D:4:      layout_loops_ring, mainiacjoe_overflow_brackets,
          minmay_misc_feat_rows, kennysheep_nub
D:5:      corexii_shantytown, layout_loops_corners,
          mainiacjoe_overflow_cross_hatched, minmay_temple_entry_glass,
          serial_shops, shop, amcnicky_mini_pool_small, minivault_14,
          serial_bayou_pond_e
D:6:      layout_cave_pools, general_overflow_altar,
          nicolae_sif_muna_little_library, uniq_maggie
Temple:   hellmonk_temple_rainy

Skill      XL: |  1  2  3  4  5  6  7  8 |
---------------+-------------------------+-----
Earth Magic    | 2 3 4 |  4.5
Spellcasting   | 2 4 5 |  5.0
Conjurations   | 1 2 3 |  3.9
Necromancy     | 5 |  5.7
Fighting       | 3 |  3.0
Armour         | |  1.0
Stealth        | |  2.0

Action                     |  1- 3 |  4- 6 |  7- 9 || total
---------------------------+-------+-------+-------++-------
  Melee: Dagger            |    23 |       |       ||    23
         Punch             |     1 |     1 |     3 ||     5
         Short sword       |     8 |    64 |    60 ||   132
         Spear             |       |       |    65 ||    65
  Throw: Throwing net      |       |     1 |       ||     1
   Cast: Sandblast         |    42 |    54 |    11 ||   107
         Stone Arrow       |       |     5 |    43 ||    48
         Vampiric Draining |       |     2 |     6 ||     8
    Use: Scroll            |     1 |     5 |       ||     6
         Potion            |     1 |       |     2 ||     3
   Stab: Sleeping          |     1 |     1 |     7 ||     9
         Held in net/web   |       |     1 |       ||     1
         Invisible         |       |       |     1 ||     1
 Armour: Robe              |    13 |    24 |    48 ||    85
  Dodge: Dodged            |    29 |    37 |    77 ||   143
